 Dungeon Crawl Stone Soup version 0.28.0-53-g5a82cb258f (webtiles) character file.

Game seed: 17975937145558576034

159 mcbry74 the Prestidigitator (level 5, -8/41 HPs)
             Began as a Gnoll Wanderer on July 22, 2022.
             Was a Follower of Nemelex Xobeh.
             Mangled by an ogre
             ... wielding a +0 giant club
              (20 damage)
             ... on level 4 of the Dungeon.
             The game lasted 00:15:45 (4867 turns).

mcbry74 the Prestidigitator (Gnoll Wanderer)        Turns: 4867, Time: 00:15:45

Health: -8/41      AC:  3    Str: 11    XL:     5   Next: 40%
Magic:  7/7        EV: 11    Int: 10    God:    Nemelex Xobeh [*.....]
Gold:   99         SH:  0    Dex: 15    Spells: 6/6 levels left

rFire   . . .      SeeInvis .   v - +2 dagger (speed)
rCold   . . .      Faith    .   (no shield)
rNeg    . . .      Spirit   .   e - +0 leather armour
rPois   .          Reflect  .   (no helmet)
rElec   .          Harm     .   (no cloak)
rCorr   .          Rampage  .   (no gloves)
Will    .....                   (no boots)
Stlth   +.........              (no amulet)
HPRegen 0.13/turn               (no ring)
MPRegen 0.10/turn               (no ring)

@: confused
A: fangs 1, strong nose, distributed training
a: Renounce Religion, Draw Escape, Draw Destruction, Draw Summoning


You were on level 4 of the Dungeon.
You worshipped Nemelex Xobeh.
Nemelex Xobeh was aware of your devotion.
You visited 1 branch of the dungeon, and saw 4 of its levels.

You collected 99 gold pieces.

Inventory:

Hand Weapons
 a - a +0 vorpal dagger
 r - a +0 hand axe of electrocution
 v - a +2 dagger of speed (weapon)
Missiles
 b - a curare-tipped dart
 f - 22 stones (quivered)
 o - 2 boomerangs
Armour
 e - a +0 leather armour (worn)
Magical Staves
 m - a staff of air
Jewellery
 h - a ring of poison resistance
Wands
 d - a wand of polymorph (5)
Scrolls
 j - a scroll of identify {unknown}
 p - a scroll of fear {unknown}
 s - a scroll of immolation {unknown}
 t - a scroll of noise {unknown}
 u - a scroll of enchant armour {unknown}
Potions
 i - a potion of brilliance {unknown}
 k - a potion of mutation {unknown}
 l - a potion of curing
 n - a potion of flight {unknown}
 q - 2 potions of attraction {unknown}


   Skills:
 + Level 3.0 Fighting
 + Level 1.4 Short Blades
 + Level 1.4 Long Blades
 + Level 1.4 Axes
 + Level 1.4 Maces & Flails
 + Level 1.4 Polearms
 + Level 1.4 Staves
 + Level 1.4 Slings
 + Level 1.4 Bows
 + Level 1.4 Crossbows
 + Level 6.7 Throwing
 + Level 1.4 Armour
 + Level 1.4 Dodging
 + Level 1.4 Stealth
 + Level 1.4 Shields
 + Level 4.8 Unarmed Combat
 + Level 1.4 Spellcasting
 + Level 1.1 Conjurations
 + Level 1.1 Hexes
 + Level 1.1 Summonings
 + Level 1.1 Necromancy
 + Level 1.1 Translocations
 + Level 1.1 Transmutations
 + Level 1.1 Fire Magic
 + Level 1.1 Ice Magic
 + Level 1.1 Air Magic
 + Level 1.1 Earth Magic
 + Level 1.1 Poison Magic
 + Level 1.6 Invocations
 + Level 8.6 Evocations


You had 6 spell levels left.
You didn't know any spells.
Your spell library was empty.

Dungeon Overview and Level Annotations

Branches:
Dungeon (4/15)
 Temple: D:4-7

Altars:
Nemelex Xobeh
Okawaru

Shops:
D:4 =

Annotations:
D:4 Sigmund


Innate Abilities, Weirdness & Mutations

You have very sharp teeth.
Your uncanny sense of smell can sniff out nearby items.
Your experience applies equally to all skills.


Message History

An ogre comes into view. It is wielding a +0 giant club.
Sigmund points at you and mumbles some strange words.
You resist with some effort.
Found a scroll labelled DOHORPHAULU and 13 gold pieces.
Found Keghokess's Jewellery Shoppe.
The dart slug launches a dart at you. The slug dart hits you.
The ogre shouts!
Blink to where?
Press: ? - help, Dir - move target
As you read the scroll labelled ZANENI ACAAR, it crumbles to dust.
It was a scroll of blinking.
Sigmund drinks a potion.
Sigmund seems to grow stronger.
Found an iron altar of Okawaru.
Sigmund barely misses you. Sigmund gestures at you while chanting.
You are confused.
You don't know any spells.
You are too confused!
Sigmund casts a spell at you. The puff of flame hits you!
Okay, then.
Sigmund says, "I'm your fate."
Found 14 gold pieces.
Sigmund casts a spell at you.
You are more confused.
Sigmund barely misses you.
The orc shouts!
The orc priest closely misses you.
You hit the orc priest.
The orc priest is moderately wounded.
Sigmund hits you with a +0 scythe!
* * * LOW HITPOINT WARNING * * *
The orc priest closely misses you.
The orc wizard casts a spell.
The orc wizard flickers and vanishes!
Deactivating autopickup; reactivate with Ctrl-A.
You're too confused to move!
The ogre hits you with a +0 giant club!!
You die...
Your body glows slightly and disappears.

#.## ####.
#..........# #
#..#.♣.♣.#.###.+
#.............∆
..♣.♣.♣.♣..#
#.$..._.....#
#..♣.♣.♣.♣.#
#.....o.@.# #.##
#.#.♣@♣.#.###..##
#.....Oo........##
########){###....##
####.###.#...#
##......!...>.# #
#.$##.........##.#
#...♣.........<..#
#?.♣.♣..#>.#.<####
#.♣...♣.#.<#...S#


You could see Sigmund (strong), an ogre and 2 orcs.

Vanquished Creatures
  An orc priest (D:3)
  4 adders (D:3)
  An adder skeleton (D:3)
  4 worms
  3 dart slugs
  8 orcs
  4 ball pythons
  3 endoplasms
  4 giant cockroaches
  8 hobgoblins
  2 jackals (D:1)
  2 kobolds
  A quokka (D:3)
  4 bats
  7 frilled lizards
  6 goblins
  4 rats
66 creatures vanquished.

Notes
Turn   | Place    | Note
-------+----------+-------------------------------------------
     0 | D:1      | mcbry74 the Gnoll Wanderer began the quest for the Orb.
     0 | D:1      | mcbry74 set off with the following items: a +0 vorpal
                  | dagger, a curare-tipped dart, a scroll of teleportation, a
                  | wand of polymorph (5), a +0 leather armour
     0 | D:1      | Reached XP level 1. HP: 17/17 MP: 1/1
   265 | D:1      | Reached XP level 2. HP: 17/23 MP: 2/2
   944 | D:1      | Reached XP level 3. HP: 27/28 MP: 3/3
  1721 | D:2      | Reached skill level 1 in Invocations
  2114 | D:2      | Reached skill level 1 in Short Blades
  2114 | D:2      | Reached skill level 1 in Long Blades
  2114 | D:2      | Reached skill level 1 in Axes
  2114 | D:2      | Reached skill level 1 in Maces & Flails
  2114 | D:2      | Reached skill level 1 in Polearms
  2114 | D:2      | Reached skill level 1 in Staves
  2114 | D:2      | Reached skill level 1 in Slings
  2114 | D:2      | Reached skill level 1 in Bows
  2114 | D:2      | Reached skill level 1 in Crossbows
  2114 | D:2      | Reached skill level 1 in Armour
  2114 | D:2      | Reached skill level 1 in Dodging
  2114 | D:2      | Reached skill level 1 in Stealth
  2114 | D:2      | Reached skill level 1 in Shields
  2114 | D:2      | Reached skill level 1 in Spellcasting
  2194 | D:2      | Found a faded altar of an unknown god.
  2403 | D:2      | Prayed at the altar of an unknown god.
  2403 | D:2      | Became a worshipper of Nemelex Xobeh the Trickster
  2403 | D:2      | Reached * piety under Nemelex Xobeh
  2403 | D:2      | Received a gift from Nemelex Xobeh
  2541 | D:3      | Reached XP level 4. HP: 34/34 MP: 5/5
  3132 | D:3      | Reached skill level 1 in Conjurations
  3132 | D:3      | Reached skill level 1 in Hexes
  3132 | D:3      | Reached skill level 1 in Summonings
  3132 | D:3      | Reached skill level 1 in Necromancy
  3132 | D:3      | Reached skill level 1 in Translocations
  3132 | D:3      | Reached skill level 1 in Transmutations
  3132 | D:3      | Reached skill level 1 in Fire Magic
  3132 | D:3      | Reached skill level 1 in Ice Magic
  3132 | D:3      | Reached skill level 1 in Air Magic
  3132 | D:3      | Reached skill level 1 in Earth Magic
  3132 | D:3      | Reached skill level 1 in Poison Magic
  3588 | D:3      | Reached XP level 5. HP: 19/40 MP: 5/7
  4304 | D:4      | Noticed Sigmund
  4847 | D:4      | Noticed an ogre
  4848 | D:4      | Found Keghokess's Jewellery Shoppe.
  4854 | D:4      | Found an iron altar of Okawaru.
  4867 | D:4      | Mangled by an ogre

Illustrated notes

Levels and vault maps discovered:
D:1:      psy_arrival_basics, layout_loops_corners,
          amcnicky_mini_rare_corridor_liquid
D:2:      layout_rooms, ebering_ecumenical_altar_box, chequers_jeans
D:3:      layout_basic
D:4:      kennysheep_big_flooded_room, layout_loops_ring,
          minmay_overflow_temple_star_hex, okawaru_trees_1,
          minmay_temple_entry_purple_smoke, serial_shops, nicolae_diamond_shop,
          grunt_ministairs_1, uniq_sigmund

Skill      XL: |  1  2  3  4  5 |
---------------+----------------+-----
Invocations    | 1 |  1.6
Short Blades   | 1 |  1.4
Long Blades    | 1 |  1.4
Axes           | 1 |  1.4
Maces & Flails | 1 |  1.4
Polearms       | 1 |  1.4
Staves         | 1 |  1.4
Slings         | 1 |  1.4
Bows           | 1 |  1.4
Crossbows      | 1 |  1.4
Armour         | 1 |  1.4
Dodging        | 1 |  1.4
Stealth        | 1 |  1.4
Shields        | 1 |  1.4
Spellcasting   | 1 |  1.4
Conjurations   | 1 |  1.1
Hexes          | 1 |  1.1
Summonings     | 1 |  1.1
Necromancy     | 1 |  1.1
Translocations | 1 |  1.1
Transmutations | 1 |  1.1
Fire Magic     | 1 |  1.1
Ice Magic      | 1 |  1.1
Air Magic      | 1 |  1.1
Earth Magic    | 1 |  1.1
Poison Magic   | 1 |  1.1
Fighting       | 3 |  3.0
Throwing       | |  6.7
Unarmed Combat | |  4.8
Evocations     | |  8.6

Action                   |  1- 3 |  4- 6 || total
-------------------------+-------+-------++-------
Melee: Unarmed           |   119 |    52 ||   171
       Punch             |     6 |     6 ||    12
       Bite              |     7 |     7 ||    14
       Dagger            |       |    29 ||    29
Throw: Stone             |    31 |    52 ||    83
Invok: Draw Destruction  |       |     1 ||     1
  Use: Scroll            |       |     2 ||     2
       Potion            |       |     1 ||     1
 Stab: Sleeping          |     1 |       ||     1
Armor: Leather armour    |    16 |     6 ||    22
Dodge: Dodged            |    56 |    27 ||    83
